 Dungeon Crawl Stone Soup version 0.26-a0-540-g8a0c9464d7 (webtiles) character file.

Game seed: 2781713417015758359

6 vurker the Chiller (level 1, 0/14 HPs)
             Began as a Merfolk Ice Elementalist on Aug 18, 2020.
             Slain by an ooze (5 damage)
             ... on level 1 of the Dungeon.
             The game lasted 00:00:36 (284 turns).

vurker the Chiller (Merfolk Ice Elementalist)        Turns: 284, Time: 00:00:37

Health: 0/14       AC:  3    Str:  8    XL:     1   Next: 90%
Magic:  0/3        EV: 13    Int: 14    God:
Gold:   0          SH:  0    Dex: 14    Spells: 3/4 levels left

rFire    . . .     SeeInvis .   (no weapon)
rCold    . . .     Faith    .   (no shield)
rNeg     . . .     Spirit   .   a - +0 robe
rPois    .         Reflect  .   (no helmet)
rElec    .         Harm     .   (no cloak)
rCorr    .                      (no gloves)
MR       .....                  b - +0 pair of boots
Stlth    ++........             (no amulet)
HPRegen  0.04/turn              (no ring)
MPRegen  0.08/turn              (no ring)

@: no status effects
A: change form in water, swift swim, stealthy swim
a: no special abilities


You were on level 1 of the Dungeon.
You visited 1 branch of the dungeon, and saw 1 of its levels.

Inventory:

Armour
 a - a +0 robe (worn)
 b - a +0 pair of boots (worn)
   (You found it on level 1 of the Dungeon)
Potions
 c - a potion of brilliance {unknown}


   Skills:
 + Level 0.4 Fighting
 - Level 2.6 Dodging
 - Level 2.1 Stealth
 * Level 2.2 Spellcasting
 * Level 4.5 Ice Magic


You had 3 spell levels left.
You knew the following spells:

 Your Spells              Type           Power        Failure   Level
a - Freeze                Ice            ##..         3%          1

Your spell library contained the following spells:

 Spells                   Type           Power        Failure   Level
 Frozen Ramparts          Ice            ##....       11%         3
 Ozocubu's Armour         Ice            ##......     11%         3
 Hailstorm                Conj/Ice       #.......     67%         4
 Summon Ice Beast         Ice/Summ       #.......     67%         4


Dungeon Overview and Level Annotations

Branches:
Dungeon (1/15)

Altars:
Hepliaklqana


Message History

Found a short sword.
A rat comes into view.
A rat is nearby!
The floor.
Found 14 gold pieces.
The rat misses you.
Found a hazy altar of Hepliaklqana.
You hit the rat but do no damage. The rat closely misses you.
Aim: a rat You freeze the rat.
You kill the rat!
You can't see any susceptible monsters within range! (Use Z to cast anyway.)
You can't see any susceptible monsters within range! (Use Z to cast anyway.)
You see here a rat corpse.
A giant cockroach comes into view.
Found a short sword.
A giant cockroach is nearby!
A giant cockroach is nearby!
No target in view!
No target in view!
A rat and an ooze come into view.
Found a bubbling green potion and a club.
Aim: a giant cockroach (asleep)
You freeze the giant cockroach.
You kill the giant cockroach!
The ooze quivers.
You can't see any susceptible monsters within range! (Use Z to cast anyway.)
Aim: a rat (asleep)
You freeze the rat.
You kill the rat!
The ooze completely misses you.
Aim: an ooze You freeze the ooze.
The ooze closely misses you.
You don't have enough magic to cast that spell.
You hit the ooze but do no damage. The ooze hits you.
You hit the ooze. The ooze barely misses you.
You hit the ooze but do no damage.
The ooze jiggles.
The ooze hits you.
* * * LOW HITPOINT WARNING * * *
You see here a bubbling green potion.
The ooze hits you but does no damage.
You see here a rat corpse.
Aim: an ooze (moderately wounded)
You freeze the ooze. The ooze hits you.
* * * LOW HITPOINT WARNING * * *
The ooze jiggles.
Aim: an ooze (heavily wounded)
You freeze the ooze. The ooze hits you.
You die...

###..### ##+##
#......# ####...##
#.#..#.# ........##
#.#....# #....†...##
#......##
#.....†...###.......#
+.........+........##
#.........###...J..#
.........## #.#.@#.#
........## #......#
####...#########.###
##'####.## #.#
#.###...## #.#
#.##.....###.#
##.#.......##.#
#.....).......#
#...........####


You could see an ooze.

Vanquished Creatures
  2 giant cockroaches (D:1)
  A kobold (D:1)
  4 rats (D:1)
7 creatures vanquished.

Notes
Turn   | Place    | Note
-------+----------+-------------------------------------------
     0 | D:1      | vurker the Merfolk Ice Elementalist began the quest for the
                  | Orb.
     0 | D:1      | Reached XP level 1. HP: 13/13 MP: 3/3
   237 | D:1      | Found a hazy altar of Hepliaklqana.
   284 | D:1      | Slain by an ooze

Illustrated notes

Levels and vault maps discovered:
D:1:      minmay_arrival_jagged, layout_loops_corners, minmay_misc_feat_five,
          minmay_hexomino_r4

Action                   || total
-------------------------++-------
Melee: Unarmed           ||     6
 Cast: Freeze            ||    11
Armor: Robe              ||     2
Dodge: Dodged            ||     7

Table legend: (Time is in decaauts)
 A = Elapsed time spent in this place.
 B = Non-inter-level travel time spent in this place.
 C = Inter-level travel time spent in this place.
 D = Time resting spent in this place.
 E = Time spent auto-exploring this place.
 F = Levels seen in this place.
 G = Mean time per level.
                   A        B        C        D        E       F      G
               +--------+--------+--------+--------+--------+-----+--------+
         Total |    284 |    284 |      0 |      0 |    218 |   1 |  284.0 |
       Dungeon |    284 |    284 |      0 |      0 |    218 |   1 |  284.0 |
               +--------+--------+--------+--------+--------+-----+--------+

Top non-repeatable levels by time:
     D:1: 284 daAuts
